 Dungeon Crawl Stone Soup version 0.28-a0-687-gb91baff9cc (webtiles) character file.

Game seed: 10760147723280969496

19292 kae the Martial Artist (level 12, -2/107 HPs)
             Began as a Pale Draconian Transmuter on Oct 19, 2021.
             Was a Priest of Wu Jian.
             Slain by a wolf spider simulacrum (14 damage)
             ... on level 12 of the Dungeon.
             The game lasted 00:11:34 (19080 turns).

kae the Martial Artist (Pale Draconian Transmuter) Turns: 19080, Time: 00:11:35

Health: -2/107     AC: 13    Str: 12    XL:     12   Next: 35%
Magic:  14/19      EV: 13    Int: 18    God:    Wu Jian [***...]
Gold:   464        SH:  0    Dex: 13    Spells: 7/20 levels left

rFire   . . .      SeeInvis .     - Unarmed
rCold   . . .      Faith    .   (shield currently unavailable)
rNeg    . . .      Spirit   .   (armour unavailable)
rPois   .          Reflect  .   (helmet restricted)
rElec   .          Harm     .   n - +0 cloak
rCorr   .          Rampage  .   (gloves currently unavailable)
Will    .....                   (no boots)
Stlth   +.........              (no amulet)
HPRegen 0.27/turn               k - +4 ring of protection
MPRegen 0.16/turn               m - ring of flight

@: blade hands (expiring), flying
A: breathe steam, AC +8, unfitting armour, cold-blooded, steam resistance
a: Breathe Steam, End Transformation, Renounce Religion, Wall Jump, Serpent's
Lash


You were on level 12 of the Dungeon.
You worshipped Wu Jian.
Wu Jian was most pleased with you.
You had blades for hands.
You visited 2 branches of the dungeon, and saw 13 of its levels.

You collected 739 gold pieces.
You spent 275 gold pieces at shops.

Inventory:

Hand Weapons
 f - the +7 whip "Rony" (melded) {vorpal, rF+ Stlth+}
   (You found it on level 4 of the Dungeon)

   It inflicts extra damage upon your enemies.
   rF:        It protects you from fire.
   Stlth:     It makes you more stealthy.
Armour
 i - a +1 pair of gloves (melded)
 n - a +0 cloak (worn)
Jewellery
 d - a ring of positive energy
 k - a +4 ring of protection (left blade hand)
 m - a ring of flight (right blade hand)
 v - a ring of fire
 x - a ring of protection from cold
Wands
 o - a wand of paralysis (16)
 p - a wand of iceblast (13)
 r - a wand of flame (18)
 z - a wand of polymorph (13)
 B - a wand of digging (4)
Scrolls
 g - 8 scrolls of teleportation
 t - 2 scrolls of identify
 y - a scroll of fog
 C - a scroll of fear
Potions
 a - 2 potions of curing
 b - 2 potions of mutation
 c - 2 potions of lignification
 e - a potion of haste
 h - 2 potions of flight
 j - a potion of resistance
 l - 5 potions of brilliance
 q - a potion of cancellation
 s - a potion of might
 u - 2 potions of degeneration
 w - 2 potions of attraction
 A - a potion of heal wounds


   Skills:
 + Level 10.4 Fighting
 + Level 4.7 Dodging
 * Level 13.7 Unarmed Combat
 + Level 4.7 Spellcasting
 + Level 9.8 Transmutations
 - Level 4.0 Ice Magic
 - Level 2.0 Poison Magic


You had 7 spell levels left.
You knew the following spells:

 Your Spells              Type           Power      Damage    Failure   Level
a - Beastly Appendage     Tmut           78%        N/A       10%         1
b - Spider Form           Tmut/Pois      12%        N/A       28%         3
c - Ice Form              Ice/Tmut       29%        N/A       41%         4
d - Blade Hands           Tmut           19%        N/A       38%         5

Your spell library contained the following spells:

 Spells                   Type           Power      Damage    Failure   Level
 Wereblood                Tmut           39%        N/A       11%         2
 Ensorcelled Hibernation  Hex/Ice        22%        N/A       43%         2
 Magic Dart               Conj           16%        1d3       54%         1
 Petrify                  Tmut/Erth      21%        N/A       61%         4
 Call Imp                 Summ           4%         N/A       63%         2
 Sublimation of Blood     Necr           2%         N/A       63%         2
 Mephitic Cloud           Conj/Pois/Air  6%         N/A       73%         3
 Call Canine Familiar     Summ           4%         N/A       80%         3
 Portal Projectile        Hex/Tloc       8%         N/A       80%         3
 Tukima's Dance           Hex            4%         N/A       80%         3
 Irradiate                Conj/Tmut      10%        3d17      85%         5
 Leda's Liquefaction      Hex/Erth       2%         N/A       98%         4
 Dragon Form              Tmut           19%        N/A       99%         7
 Dispersal                Tloc           2%         N/A       100%        6
 Disjunction              Tloc           2%         N/A       100%        8


Dungeon Overview and Level Annotations

Branches:
Dungeon (12/15)            Temple (1/1) D:5            Lair (0/6) D:11
    Orc (0/2) D:12

Altars:
Ashenzari
Cheibriados
Dithmenos
Elyvilon
Fedhas
Gozag
Hepliaklqana
Kikubaaqudgha
Makhleb
Nemelex Xobeh
Okawaru
Qazlal
Ru
Sif Muna
Trog
Uskayaw
Vehumet
Wu Jian
Xom
Yredelemnul
Zin
The Shining One

Shops:
D:3 [([   D:4 *   D:6 ?   D:8 (   D:12 *

Portals:
Trove: D:12 (give +5 fire dragon scales)

Annotations:
D:9 Maurice


Innate Abilities, Weirdness & Mutations

You have blades for hands.
Your spellcasting is less reliable in this form.
You are incapable of wielding weapons or throwing items.
You can breathe blasts of scalding, opaque steam.
Your pale cyan-grey scales are hard. (AC +8)
You cannot fit into any form of body armour.
You are cold-blooded and may be slowed by cold attacks.
You are immune to the effects of steam.


Message History

You see here 18 arrows.
You see here a +0 flail.
You reach down and open the door.
Found Tyih's General Store.
There is an open door here.
There is an entrance to Tyih's General Store here.
A - a potion of heal wounds;
C - a scroll of fear Thank you for shopping at Tyih's General Store!
There is an open door here.
A deep elf pyromancer comes into view. It is wielding a +0 short sword.
A deep elf pyromancer is nearby!
A deep elf pyromancer is nearby!
A deep elf pyromancer is nearby!
A wolf spider simulacrum comes into view.
The wolf spider simulacrum hits you!
The wolf spider simulacrum freezes you!!
You feel yourself slow down.
The wolf spider simulacrum bites you but does no damage.
You hit the wolf spider simulacrum.
You tail-slap the wolf spider simulacrum, but do no damage.
The wolf spider simulacrum is lightly damaged.
The wolf spider simulacrum hits you!
The wolf spider simulacrum freezes you!!
The wolf spider simulacrum bites you but does no damage.
The wolf spider simulacrum hits you but does no damage.
The wolf spider simulacrum bites you but does no damage.
You are too injured to fight recklessly!
You are too injured to fight recklessly!
Casting: Blade Hands (dangerous; 7% risk of failure)
Confirm with . or Enter, or press ? or * to list all spells.
Your hands turn into razor-sharp scythe blades.
The +7 whip "Rony" {vorpal, rF+ Stlth+} melds into your body.
Your +1 pair of gloves melds into your body.
Your transformation is almost over.
You feel yourself speed up. The wolf spider simulacrum misses you.
The wolf spider simulacrum bites you.
* * * LOW HITPOINT WARNING * * *
The wolf spider simulacrum freezes you!
* * * LOW HITPOINT WARNING * * *
The wolf spider simulacrum hits you!
You die...

......... ...
...######.... ... #..#
#...# .... #..# #...#
..... #..# #...#
.....#######..# #...#
..............######...#
........................
......Z@.............###
..#########.########.###
...########....
...........>.....
...................
.........########..
...................
e..................
...............


You could see a wolf spider simulacrum.

Vanquished Creatures
  A hydra (D:11)
  5 two-headed ogres
  Urug (D:10)
  Nergalle (D:9)
  A wizard (D:12)
  Pikel (D:8)
  An ugly thing (D:11)
  7 cyclopes
  Joseph (D:7)
  8 gargoyles
  4 trolls
  4 slime creatures (D:12)
  Prince Ribbit (D:5)
  9 yaks
  Edmund (D:4)
  Menkaure (D:7)
  5 vampire mosquitoes (D:12)
  A water moccasin (D:7)
  4 orc warriors
  7 centaurs
  3 ogres
  2 lemures (D:8)
  Blork the orc (D:5)
  A kobold brigand (D:10)
  A gnoll sergeant (D:6)
  3 scorpions
  3 bullfrogs
  A wyvern zombie (D:8)
  A water moccasin skeleton (D:4)
  6 killer bees (D:9)
  4 howler monkeys
  3 wights (D:8)
  2 centaur zombies
  A jelly (D:7)
  A gnoll shaman (D:5)
  2 hounds
  2 bullfrog skeletons
  5 orc priests
  A centaur skeleton (D:7)
  6 iguanas
  A scorpion zombie (D:5)
  12 orc wizards
  3 killer bee zombies (D:8)
  2 human simulacra (D:9)
  A howler monkey zombie (D:9)
  12 adders
  11 gnolls
  A shadow imp (D:5)
  An ufetubus (D:7)
  3 worms
  A dart slug (D:1)
  28 orcs
  9 endoplasms
  6 giant cockroaches
  5 goblins
  8 hobgoblins
  2 jackals (D:4)
  4 quokkas
  7 ball pythons
  4 bats
  9 frilled lizards
  16 kobolds
  10 rats
269 creatures vanquished.

Vanquished Creatures (others)
  An orc wizard (D:8)
  4 fungi (D:6)
  3 plants (D:1)
  2 withered plants (D:12)
10 creatures vanquished.

Grand Total: 279 creatures vanquished

Notes
Turn   | Place    | Note
-------+----------+-------------------------------------------
     0 | D:1      | kae the Draconian Transmuter began the quest for the Orb.
     0 | D:1      | Reached XP level 1. HP: 16/16 MP: 3/3
   305 | D:1      | Reached XP level 2. HP: 16/23 MP: 3/5
   422 | D:1      | Found a faded altar of an unknown god.
   947 | D:1      | Reached XP level 3. HP: 25/29 MP: 6/6
   951 | D:1      | Learned a level 3 spell: Spider Form
  1730 | D:2      | Reached skill level 1 in Poison Magic
  1883 | D:2      | Reached XP level 4. HP: 36/36 MP: 5/7
  2020 | D:2      | Reached skill level 4 in Unarmed Combat
  2391 | D:3      | Found Roleoly's Weapon Boutique.
  2421 | D:3      | Found Aliacum's Armour Shoppe.
  2475 | D:3      | Reached XP level 5. HP: 22/42 MP: 6/8
  2480 | D:3      | Learned a level 4 spell: Ice Form
  2732 | D:3      | Found Pacen's Armour Boutique.
  3266 | D:4      | Found Adwaeni's Elemental Accessories.
  3286 | D:4      | Reached skill level 1 in Ice Magic
  3506 | D:4      | Identified the +7 whip "Rony" {vorpal, rF+ Stlth+}
  3516 | D:4      | Reached XP level 6. HP: 39/50 MP: 7/9
  3761 | D:4      | Reached skill level 5 in Unarmed Combat
  4138 | D:5      | Entered Level 5 of the Dungeon
  4140 | D:5      | Noticed Blork the orc
  4155 | D:5      | Killed Blork the orc
  4156 | D:5      | Your scales start taking on a pale cyan-grey colour.
  4156 | D:5      | Reached XP level 7. HP: 26/57 MP: 7/10
  4156 | D:5      | Gained mutation: You are immune to the effects of steam.
                  | [Pale Draconian growth]
  4346 | D:5      | Noticed Edmund
  4374 | D:4      | Killed Edmund
  4981 | D:5      | Reached skill level 6 in Unarmed Combat
  5189 | D:5      | Found a staircase to the Ecumenical Temple.
  5216 | Temple   | Entered the Ecumenical Temple
  5304 | Temple   | Became a worshipper of the Wu Jian Council
  5491 | D:5      | Noticed Prince Ribbit
  5505 | D:5      | Killed Prince Ribbit
  5506 | D:5      | Reached XP level 8. HP: 45/67 MP: 8/11
  6316 | D:6      | Found Zalocyedi's Magic Scroll Emporium.
  6330 | D:5      | Reached skill level 7 in Unarmed Combat
  6434 | D:6      | Bought a scroll of identify for 26 gold pieces
  6434 | D:6      | Bought a scroll of identify for 26 gold pieces
  6434 | D:6      | Bought a scroll of identify for 26 gold pieces
  6434 | D:6      | Bought a scroll of teleportation for 39 gold pieces
  6434 | D:6      | Bought a scroll of teleportation for 39 gold pieces
  6456 | D:6      | Reached skill level 5 in Fighting
  6456 | D:6      | Reached skill level 5 in Transmutations
  7630 | D:6      | Reached * piety under Wu Jian
  7631 | D:6      | Reached skill level 8 in Unarmed Combat
  7723 | D:6      | Found a snail-covered altar of Cheibriados.
  7851 | D:7      | Noticed Menkaure
  7861 | D:7      | Killed Menkaure
  7862 | D:7      | Reached XP level 9. HP: 52/75 MP: 9/12
  8202 | D:7      | Noticed Joseph
  8704 | D:7      | Killed Joseph
  8705 | D:7      | Reached skill level 9 in Unarmed Combat
  9246 | D:8      | Noticed Pikel
  9259 | D:8      | Killed Pikel
  9287 | D:8      | Found Ecua's Weapon Boutique.
  9959 | D:8      | Reached skill level 10 in Unarmed Combat
 10277 | D:9      | Reached XP level 10. HP: 86/86 MP: 9/13
 10501 | D:9      | Reached ** piety under Wu Jian
 10785 | D:9      | Noticed a two-headed ogre
 10795 | D:9      | Killed a two-headed ogre
 10796 | D:9      | Reached skill level 11 in Unarmed Combat
 10858 | D:9      | Noticed Maurice
 11444 | D:10     | Entered Level 10 of the Dungeon
 11446 | D:10     | Noticed Nergalle
 11447 | D:10     | Noticed a two-headed ogre
 11469 | D:9      | Killed Nergalle
 11757 | D:9      | Killed a two-headed ogre
 12103 | D:10     | Noticed a two-headed ogre
 12111 | D:10     | Killed a two-headed ogre
 12410 | D:10     | Noticed a cyclops
 12420 | D:10     | Killed a cyclops
 12421 | D:10     | Reached skill level 12 in Unarmed Combat
 12421 | D:10     | Reached XP level 11. HP: 88/97 MP: 10/14
 12567 | D:10     | Noticed a two-headed ogre
 12585 | D:10     | Killed a two-headed ogre
 13497 | D:10     | Learned a level 5 spell: Blade Hands
 13589 | D:10     | Noticed Urug
 13598 | D:10     | Killed Urug
 14884 | D:11     | Noticed a two-headed ogre
 14889 | D:11     | Killed a two-headed ogre
 15427 | D:11     | Found a staircase to the Lair.
 15519 | D:11     | Reached skill level 13 in Unarmed Combat
 15536 | D:11     | Reached *** piety under Wu Jian
 16124 | D:12     | Reached skill level 10 in Fighting
 16263 | D:12     | Noticed a two-headed ogre
 16266 | D:12     | Noticed a wizard
 16267 | D:12     | Noticed an eight-headed hydra
 16634 | D:12     | Reached XP level 12. HP: 94/106 MP: 13/18
 16695 | D:12     | Found a portal to a secret trove of treasure.
 17770 | D:11     | Killed an eight-headed hydra
 17913 | D:11     | Found a staircase to the Lair.
 18156 | D:12     | Found an ancient bone altar of Kikubaaqudgha.
 18642 | D:12     | Found a staircase to the Orcish Mines.
 19011 | D:12     | Found Tyih's General Store.
 19014 | D:12     | Bought a potion of heal wounds for 70 gold pieces
 19014 | D:12     | Bought a scroll of fear for 49 gold pieces
 19080 | D:12     | Slain by a wolf spider simulacrum

Illustrated notes

Levels and vault maps discovered:
D:1:      beargit_arrival_greenhouse, layout_basic,
          hellmonk_ecumenical_altar_slurped_away, minmay_lizard_king
D:2:      layout_loops_corners
D:3:      layout_loops_ring, serial_shops, shop, shop_statue, shop
D:4:      layout_rooms, nicolae_elemental_shop, minivault_19,
          kennysheep_generic_room_16
D:5:      layout_cave_pods, temple_statues, uniq_blork_the_orc, uniq_edmund,
          uniq_prince_ribbit1
D:6:      layout_cave_pods, mainiacjoe_overflow_boulevard, serial_shops,
          nicolae_shop_crystal, glass_columns_a
D:7:      layout_cave_pools, uniq_menkaure, uniq_joseph
D:8:      layout_loops_corners, serial_shops, shop_statue,
          small_statue_intersection, uniq_pikel
D:9:      layout_irregular_city, bh_circular_ruins, uniq_maurice
D:10:     cheibrodos_statue_roulette, layout_rooms, lightli_minifort,
          uniq_nergalle, uniq_urug
D:11:     layout_loops_ring, lair_entry_dummy
D:12:     hangedman_cross_stitches, layout_long_grid,
          nicolae_trove_entry_isolated, serial_shops, kennysheep_mini,
          grunt_decor_clamped, kiku_gazebo_garden_becter
Temple:   grunt_wide_crystal_templ

Skill      XL: |  1  2  3  4  5  6  7  8  9 10 11 |
---------------+----------------------------------+-----
Fighting       | 2 3 4 5 7 9 10 | 10.4
Poison Magic   | 1 2 |  2.0
Unarmed Combat | 4 5 6 8 10 12 13 | 13.7
Transmutations | 3 4 5 7 8 9 |  9.8
Ice Magic      | 1 2 4 |  4.0
Dodging        | 4 |  4.7
Spellcasting   | 4 |  4.7

Action                   |  1- 3 |  4- 6 |  7- 9 | 10-12 || total
-------------------------+-------+-------+-------+-------++-------
Melee: Unarmed           |   134 |   108 |   216 |   290 ||   748
       Headbutt          |    14 |    10 |     1 |       ||    25
       Kick              |    17 |    12 |     3 |       ||    32
       Tailslap          |    12 |    11 |     5 |    23 ||    51
       Punch             |     2 |     5 |       |     5 ||    12
       Whip              |       |    42 |    64 |    14 ||   120
 Cast: Beastly Appendage |    35 |    17 |     4 |       ||    56
       Spider Form       |       |     2 |    22 |       ||    24
       Ice Form          |       |       |    12 |    17 ||    29
       Blade Hands       |       |       |       |    23 ||    23
Invok: Lunge             |       |       |    17 |    15 ||    32
       Whirlwind         |       |       |       |    11 ||    11
 Abil: Breathe Steam     |       |       |     4 |       ||     4
Evoke: Wand              |       |       |       |     2 ||     2
  Use: Scroll            |     3 |     7 |    11 |     9 ||    30
       Potion            |       |       |       |     3 ||     3
 Stab: Sleeping          |       |     2 |     2 |       ||     4
Armor: Skin              |    33 |    38 |    70 |   138 ||   279
Dodge: Dodged            |    82 |    92 |   171 |   168 ||   513

Table legend: (Time is in decaauts)
 A = Elapsed time spent in this place.
 B = Non-inter-level travel time spent in this place.
 C = Inter-level travel time spent in this place.
 D = Time resting spent in this place.
 E = Time spent auto-exploring this place.
 F = Levels seen in this place.
 G = Mean time per level.
                   A        B        C        D        E       F      G
               +--------+--------+--------+--------+--------+-----+--------+
         Total |  18985 |  18436 |    549 |   2639 |  13599 |  13 | 1460.4 |
       Dungeon |  18888 |  18359 |    529 |   2639 |  13551 |  12 | 1574.0 |
        Temple |     96 |     77 |     19 |      0 |     48 |   1 |   96.0 |
               +--------+--------+--------+--------+--------+-----+--------+

Top non-repeatable levels by time:
    D:10: 2730 daAuts
    D:11: 2498 daAuts
     D:5: 2125 daAuts
     D:9: 1900 daAuts
    D:12: 1680 daAuts
     D:8: 1383 daAuts
     D:6: 1338 daAuts
     D:2: 1247 daAuts
     D:1: 1069 daAuts
     D:4: 1015 daAuts
     D:7: 964 daAuts
     D:3: 935 daAuts
  Temple: 96 daAuts
